Map: Orbital Shipyard

Players

LilDicky - Winner!

  • Race: Terran Terran
  • League: Diamond

Nix

  • Race: Terran Terran
  • League: Gold

VOD

http://www.twitch.tv/tumescentpie

Description

Time

  • Played on: Dec. 20, 2015, 10:31 a.m.
  • Length: 9:46
Show
View Real Time Build Order
Export as new Build Order

LilDicky Terran - Winner!

Build Orders: Command Center First (CC), MMM Bio 

Get SALT Encoding   

  12  0:01  SCV  
  13  0:13  SCV  
  14  0:22  Supply Depot  
  14  0:26  SCV  
  15  0:44  SCV  
  16  0:56  SCV  
  17  1:01  Command Center  
  17  1:08  SCV  
  18  1:16  Barracks  
  18  1:20  SCV  
  19  1:32  SCV  
  20  1:44  SCV  
  21  1:54  Barracks  
  21  1:56  SCV  
  21  1:57  Barracks  
  22  2:05  Marine  
  23  2:08  Supply Depot  
  24  2:18  Orbital Command  
  24  2:20  Orbital Command  
  23  2:24  Marine  
  24  2:44  Barracks  
  24  2:45  Marine  
  24  2:46  Barracks, Marine  
  24  2:48  Marine  
  27  2:56  SCV, Refinery  
  28  2:58  SCV  
  28  3:04  Refinery, Marine  
  30  3:06  Marine  
  30  3:08  Marine  
  30  3:11  SCV  
  33  3:15  SCV  
  34  3:22  Marine  
  34  3:23  SCV  
  34  3:25  Marine  
  34  3:26  Marine  
  34  3:27  SCV  
  39  3:34  Marine x2  
  40  3:35  SCV  
  40  3:39  SCV  
  40  3:40  Marine  
  44  3:46  Supply Depot  
  44  3:47  SCV  
  46  3:50  Barracks Tech Lab  
  46  3:51  Barracks Tech Lab  
  46  3:52  Barracks Reactor  
  46  3:53  Barracks Reactor  
  45  4:00  Barracks Reactor  
  45  4:01  Marine  
  47  4:02  SCV  
  47  4:07  SCV, Barracks  
  47  4:08  Barracks  
  47  4:09  Marine  
  49  4:15  Stimpack  
  49  4:16  Marine x2  
  51  4:18  Combat Shields  
  51  4:19  Marine x2  
  51  4:24  SCV  
  54  4:26  SCV  
  54  4:27  Marine  
  56  4:32  Supply Depot  
  56  4:36  SCV, Barracks Reactor  
  56  4:38  Barracks Reactor, Marine  
  57  4:40  SCV  
  57  4:43  Supply Depot  
  57  4:44  Marine  
  60  4:46  Marine  
  60  4:51  SCV  
  62  4:56  Marine  
  64  5:00  SCV, Factory  
  64  5:01  Marine  
  64  5:06  Barracks Reactor, Marine x2  
  67  5:08  SCV  
  67  5:12  Supply Depot, SCV  
  69  5:14  Marine  
  69  5:17  Marine x4  
  69  5:19  Marine  
  69  5:20  SCV  
  76  5:24  Marine  
  76  5:28  Supply Depot  
  78  5:33  SCV, Marine  
  78  5:34  Marine  
  78  5:35  Barracks Reactor, Marine x3  
  83  5:38  Supply Depot, Marine  
  83  5:42  Marine  
  85  5:43  Factory Reactor  
  85  5:46  SCV, Starport  
  85  5:49  SCV  
  87  5:50  Refinery  
  87  5:52  Supply Depot, Marine x2  
  87  5:53  Marine  
  87  5:55  Marine  
  87  5:56  Marine  
  92  5:57  Marine  
  92  5:59  SCV  
  94  6:06  Supply Depot, Marine x2  
  94  6:07  Marine  
  94  6:09  Marine  
  94  6:10  Marine  
  99  6:12  Marine x2  
  99  6:14  SCV  
  102  6:20  Refinery  
  102  6:32  Engineering Bay, Medivac x2  
  106  6:34  SCV, Engineering Bay  
  106  6:37  Supply Depot  
  106  6:39  Supply Depot, Marine x3  
  109  6:40  Marine  
  109  6:42  SCV, Marine  
  109  6:44  Marine x2  
  115  6:47  SCV, Marine  
  115  6:49  Marine  
  118  6:59  Marine x4  
  122  7:01  Supply Depot  
  122  7:02  Terran Infantry Weapons Level 1, Supply Depot  
  122  7:07  SCV  
  123  7:10  Terran Infantry Armor Level 1  
  123  7:14  Marine x6  
  129  7:19  Medivac  
  129  7:20  Medivac  
  129  7:21  Marine  
  134  7:24  Supply Depot  
  134  7:31  Marine x3  
  134  7:32  Supply Depot, Marine  
  137  7:48  Medivac, Marine  
  137  7:49  Marine x5  
  137  7:50  Medivac  
  146  7:56  Marine x4  
  146  7:57  Marine  
  150  8:01  Missile Turret  
  150  8:03  Missile Turret  
  150  8:05  Supply Depot  
  150  8:06  Marine x2  
  150  8:07  Marine  
  150  8:09  Supply Depot  
  150  8:11  Marine  
  153  8:13  Marine  
  153  8:14  Supply Depot  
  153  8:15  Marine  
  137  8:30  Marine  
  137  8:31  Marine x7  
  144  8:39  Marine x2  
  129  8:54  Marine  
  129  8:55  Marine x6  
  122  8:57  Marine  
  129  9:03  Command Center  
  112  9:15  Marine  
  112  9:16  Marine x7  
  113  9:20  Marine x2  
  113  9:22  Marine  
Show
View Real Time Build Order
Export as new Build Order

Nix Terran 

Build Orders:  

Get SALT Encoding   

  12  0:01  SCV  
  13  0:13  SCV  
  14  0:19  Supply Depot  
  14  0:25  SCV  
  15  0:40  SCV  
  15  0:42  Barracks  
  16  0:48  Refinery  
  16  0:52  SCV  
  17  1:04  SCV  
  18  1:31  Command Center  
  18  1:33  Marine  
  19  1:48  SCV  
  19  1:52  Marine  
  21  1:55  Supply Depot  
  21  2:00  Orbital Command  
  21  2:10  Marine  
  22  2:18  Factory  
  22  2:28  SCV, Marine  
  24  2:31  Refinery  
  24  2:40  SCV  
  25  2:46  Marine  
  25  2:48  Orbital Command  
  26  2:53  SCV  
  27  3:00  Widow Mine  
  27  3:04  Marine  
  30  3:10  SCV, Starport  
  31  3:17  SCV  
  32  3:21  Marine  
  32  3:22  SCV  
  34  3:29  Widow Mine  
  34  3:33  SCV  
  37  3:35  Barracks  
  37  3:39  Marine  
  38  3:51  Medivac  
  40  3:58  Widow Mine  
  40  3:59  Supply Depot, SCV  
  40  4:00  SCV  
  44  4:10  Factory  
  44  4:14  Barracks Tech Lab  
  44  4:21  Medivac  
  46  4:28  Widow Mine  
  48  4:40  Barracks Tech Lab, Marauder  
  50  4:48  Barracks x2  
  50  4:51  Engineering Bay, Medivac  
  52  4:53  SCV x2  
  52  4:57  Factory Tech Lab  
  54  5:03  Supply Depot  
  54  5:18  Terran Infantry Weapons Level 1  
  54  5:19  Stimpack  
  54  5:25  SCV x2  
  54  5:27  Refinery  
  56  5:28  Refinery  
  56  5:34  Marine x3  
  59  5:35  Barracks Reactor  
  59  5:37  SCV x2  
  61  5:49  SCV  
  62  5:57  SCV, Marine  
  62  5:58  Marauder  
  62  6:01  SCV  
  67  6:05  Siege Tank  
  67  6:07  Starport Reactor  
  67  6:08  Barracks Reactor  
  70  6:22  Supply Depot  
  70  6:23  Supply Depot  
  70  6:29  SCV x2, Marauder x2, Marine x2  
  78  6:43  SCV  
  78  6:44  Command Center  
  79  6:51  Marauder x2  
  83  6:57  Missile Turret  
  83  6:58  SCV x2, Missile Turret  
  85  7:06  Missile Turret  
  85  7:08  Siege Tank  
  85  7:10  SCV  
  89  7:32  Marine, Marauder x2  
  94  7:40  Supply Depot  
  94  7:44  Supply Depot  
  94  7:47  Terran Infantry Armor Level 1  
  94  7:55  Marine x4  
  94  7:57  Marauder x2  
  102  8:13  Marine x2  
  102  8:16  Sensor Tower  
  91  8:35  Marine x4  
  91  8:36  Marauder x2  
  87  8:57  Marauder x2  
  91  9:09  Marine x4  
  83  9:19  Marauder x2  
Tags
 
Add a new tag
Caveats
  • Supply blocks, unpowered buildings, or Contaminate may cause inaccurate times.
  • Supply counts are checked every 10 seconds.